 Dungeon Crawl Stone Soup version 0.29-a0-91-gdebf4667c2 (webtiles) character file.

Game seed: 8394023231776400920

133 cyrus the Covered (level 5, -9/40 HPs)
             Began as a Djinni Fighter on Feb 8, 2022.
             Was a Follower of Dithmenos.
             Killed from afar by a white imp (13 damage)
             ... with a puff of frost
             ... summoned by Natasha
             ... on level 3 of the Dungeon.
             The game lasted 00:08:13 (3245 turns).

cyrus the Covered (Djinni Fighter)                  Turns: 3245, Time: 00:08:13

Health: -9/40      AC:  7    Str: 17    XL:     5   Next: 39%
Gold:   98         EV:  9    Int: 10    God:    Dithmenos [*.....] SH:  4 Dex: 12

rFire   + + .      SeeInvis .   g - +1 short sword (speed)
rCold   x . .      Faith    .   c - +0 buckler
rNeg    . . .      Spirit   .   b - +0 scale mail
rPois   ∞          Reflect  .   (no helmet)
rElec   .          Harm     .   (no cloak)
rCorr   .          Rampage  .   (no gloves)
Will    .....                   (boots unavailable)
Stlth   ..........              (no amulet)
HPRegen 0.13/turn               n - ring of poison resistance
MPRegen 0.00/turn               (no ring)

@: flying, wreathed by umbra
A: sickness immunity, fire resistance 2, cold vulnerability 1, float, innate
caster, HP casting, extra vitality 1
a: Renounce Religion


You were on level 3 of the Dungeon.
You worshipped Dithmenos.
Dithmenos was aware of your devotion.
You visited 1 branch of the dungeon, and saw 3 of its levels.

You collected 98 gold pieces.

Inventory:

Hand Weapons
 a - a +0 long sword
 e - a +0 flail
 g - a +1 short sword of speed (weapon)
Armour
 b - a +0 scale mail (worn)
 c - a +0 buckler (worn)
Jewellery
 n - a ring of poison resistance (left hand)
 o - a +4 ring of evasion
Wands
 m - a wand of flame (10)
Scrolls
 d - 3 scrolls of teleportation {unknown}
 f - a scroll of brand weapon {unknown}
 i - a scroll of blinking {unknown}
 j - 3 scrolls of identify {unknown}
 k - a scroll of magic mapping {unknown}
Potions
 h - a potion of ambrosia {unknown}
 l - 2 potions of brilliance {unknown}


   Skills:
 + Level 3.4 Fighting
 + Level 1.0(1.7) Short Blades
 + Level 2.2(2.3) Long Blades
 + Level 0.6 Maces & Flails
 + Level 3.9 Armour
 + Level 0.4 Dodging
 + Level 0.2 Stealth
 + Level 3.3 Shields
 + Level 1.4 Evocations


You had one spell level left.
You knew the following spells:

 Your Spells              Type           Power      Damage    Failure   Level
a - Freeze                Ice            0%         1d3       85%         1
b - Wereblood             Tmut           0%         N/A       94%         2
Your spell library was empty.

Dungeon Overview and Level Annotations

Branches:
Dungeon (3/15)

Altars:
Dithmenos

Annotations:
D:3 Natasha


Innate Abilities, Weirdness & Mutations

You are immune to sickness and miasma.
You are immune to poison.
Your flesh is very heat resistant. (rF++)
You are vulnerable to cold. (rC-)
You float through the air rather than walking.
You learn spells naturally, not from books.
Your magical power is your life essence.
You have superior vitality. (+4 MHP)


Message History

The shadow imp disappears in a puff of smoke!
The white imp closely misses you.
Natasha stares at you and mumbles some strange words.
You resist with some effort.
Aiming: Throw Flame
Press: ? - help, Q - select action, (/) - cycle Shift-Dir - straight line, f/p - Natasha
Aim: Natasha (umbra, 60% to hit)
The puff of flame hits the dart slug!
You kill the dart slug!
Dithmenos accepts your kill.
The white imp hits you but does no damage.
Aiming: Throw Flame
Press: ? - help, Q - select action, (/) - cycle Shift-Dir - straight line, f/p - Natasha
Aim: Natasha (umbra, 60% to hit)
The puff of flame hits Natasha.
Natasha is moderately wounded.
You block the white imp's attack. Natasha claws you.
You barely miss Natasha.
Natasha is moderately wounded.
The white imp gestures at you. The puff of frost hits you!
You feel a terrible chill!
* * * LOW HITPOINT WARNING * * *
Natasha closely misses you.
The crimson imp blinks!
You hit Natasha but do no damage.
Natasha is moderately wounded.
The white imp hits you but does no damage.
You closely miss Natasha.
Natasha is moderately wounded.
Natasha claws you.
* * * LOW HITPOINT WARNING * * *
Unknown command.
You hit Natasha.
Natasha is moderately wounded.
The white imp hits you but does no damage.
You block Natasha's attack.
You hit Natasha.
Natasha is severely wounded.
The white imp gestures at you. The puff of frost hits you!
You feel a terrible chill!
You die...

........##.....####........
<....####...#### #........
.... #....# ##...##.# ...
##...## ###.###.#
########..#.# .........
#.........#.# ##..###.#
#........##.# ....#...#
#........##.# .........
###########@# ....<.....
#h5.# ........ .§.....
........ ..........
........ ........... ......
....5......# # ##.#
............#
.............# .


You could see Natasha, a crimson imp (summoned) and a white imp (summoned).

Vanquished Creatures
  Natasha (twice) (D:3)
  2 worms (D:2)
  4 dart slugs (D:3)
  An orc (D:3)
  8 ball pythons
  5 endoplasms
  2 giant cockroaches
  5 goblins
  3 hobgoblins
  7 jackals
  2 quokkas
  7 bats
  2 frilled lizards (D:1)
  6 kobolds (D:1)
  9 rats
65 creatures vanquished.

Notes
Turn   | Place    | Note
-------+----------+-------------------------------------------
     0 | D:1      | cyrus the Djinni Fighter began the quest for the Orb.
     0 | D:1      | Reached XP level 1. HP: 20/20 MP: 0/0
   197 | D:1      | Reached XP level 2. HP: 20/25 MP: 0/0
   625 | D:1      | Reached XP level 3. HP: 13/30 MP: 0/0
   625 | D:1      | Learned a level 1 spell: Freeze
  1643 | D:2      | Found a faded altar of an unknown god.
  1963 | D:2      | Reached XP level 4. HP: 19/35 MP: 0/0
  2335 | D:2      | Prayed at the altar of an unknown god.
  2335 | D:2      | Became a worshipper of Dithmenos the Shadowed
  2335 | D:2      | Reached * piety under Dithmenos
  2798 | D:3      | Found the +4 robe of Augmentation {Str+4 Int+4 Dex+4}
  2974 | D:3      | Noticed Natasha
  2991 | D:3      | Killed Natasha
  2992 | D:3      | Reached XP level 5. HP: 32/40 MP: 0/0
  2992 | D:3      | Learned a level 2 spell: Wereblood
  3136 | D:3      | Noticed Natasha
  3150 | D:3      | Killed Natasha
  3151 | D:3      | Reached skill level 1 in Evocations
  3221 | D:3      | Noticed Natasha
  3228 | D:3      | Reached skill level 1 in Short Blades
  3245 | D:3      | Killed from afar by a white imp

Illustrated notes

Levels and vault maps discovered:
D:1:      tarquinn_simple_flora_water_e, layout_loops_ring
D:2:      layout_basic, chequers_ecumenical_altar_island, grunt_decor_one_mirror
D:3:      layout_rooms, uniq_natasha

Skill      XL: |  1  2  3  4  5 |
---------------+----------------+-----
Long Blades    | 2 |  2.2
Evocations     | 1 |  1.4
Short Blades   | 1 |  1.0
Fighting       | |  3.4
Maces & Flails | |  0.6
Armour         | |  3.9
Dodging        | |  0.4
Stealth        | |  0.2
Shields        | |  3.3

Action                   |  1- 3 |  4- 6 || total
-------------------------+-------+-------++-------
Melee: Long sword        |    54 |       ||    54
       Flail             |    21 |       ||    21
       Short sword       |    55 |    81 ||   136
Evoke: Wand              |     1 |    17 ||    18
  Use: Potion            |     1 |       ||     1
Armor: Scale mail        |    71 |    43 ||   114
Dodge: Dodged            |    45 |    57 ||   102
Block: Buckler           |    30 |    20 ||    50

Table legend: (Time is in decaauts)
 A = Elapsed time spent in this place.
 B = Non-inter-level travel time spent in this place.
 C = Inter-level travel time spent in this place.
 D = Time resting spent in this place.
 E = Time spent auto-exploring this place.
 F = Levels seen in this place.
 G = Mean time per level.
                   A        B        C        D        E       F      G
               +--------+--------+--------+--------+--------+-----+--------+
         Total |   3233 |   3233 |      0 |    846 |   1743 |   3 | 1077.7 |
       Dungeon |   3233 |   3233 |      0 |    846 |   1743 |   3 | 1077.7 |
               +--------+--------+--------+--------+--------+-----+--------+

Top non-repeatable levels by time:
     D:2: 1444 daAuts
     D:1: 1084 daAuts
     D:3: 704 daAuts
